 Dungeon Crawl Stone Soup version 0.23.1 (webtiles) character file.

Game seed: 5224716854380015747

14 dhn the Magician (level 2, -3/11 HPs)
             Began as a Felid Wizard on Mar 17, 2019.
             Slain by a goblin
             ... wielding a +0 club
              (5 damage)
             ... on level 1 of the Dungeon.
             The game lasted 00:02:06 (575 turns).

dhn the Magician (Felid Wizard)                      Turns: 575, Time: 00:02:06

Health: -3/11      AC:  1    Str:  3    XL:     2   Next: 27%
Magic:  0/7        EV: 18    Int: 19    God:
Gold:   8          SH:  0    Dex: 14    Spells: 6/7 levels left
                                        Lives:  0   Deaths: 0

rFire    . . .     SeeInvis +   (weapon unavailable)
rCold    . . .     Gourm    .   (shield unavailable)
rNeg     . . .     Faith    .   (armour unavailable)
rPois    .         Spirit   .   (helmet unavailable)
rElec    .         Reflect  .   (cloak unavailable)
rCorr    .         Harm     .   (gloves unavailable)
MR       .....                  (boots unavailable)
Stlth    +++.......             (no amulet)
HPRegen  0.03/turn              (no ring)
MPRegen  0.10/turn              (no ring)

@: very slightly contaminated, quick
A: very small, no armour, no weapons or thrown items, stealth, claws 1, fangs 3,
see invisible, carnivore, speed 1, shaggy fur 1, slow metabolism 1, sharp paws
a: no special abilities


You were on level 1 of the Dungeon.
You were not hungry.

You visited 1 branch of the dungeon, and saw 2 of its levels.

You collected 8 gold pieces.

Inventory:

Jewellery
 d - an uncursed ring of protection from fire {unknown}
Potions
 c - a potion of agility {unknown}
Comestibles
 b - 3 rations


   Skills:
 + Level 2.9 Dodging
 + Level 2.8 Stealth
 + Level 3.4 Spellcasting
 + Level 1.0 Conjurations
   Level 1.0 Summonings
   Level 1.5 Translocations


You had 6 spell levels left.
You knew the following spells:

 Your Spells              Type           Power        Failure   Level  Hunger
a - Magic Dart            Conj           #...         10%         1    None

Your spell library contained the following spells:

 Spells                   Type           Power        Failure   Level  Hunger
 Blink                    Tloc           N/A          12%         2    ##.....
 Call Imp                 Summ           #.......     14%         2    ##.....
 Slow                     Hex            #.......     22%         2    ##.....
 Conjure Flame            Conj/Fire      #.......     34%         3    ###....
 Mephitic Cloud           Conj/Pois/Air  #.......     36%         3    ###....


Dungeon Overview and Level Annotations

Branches:
Dungeon (2/15)

Altars:


Innate Abilities, Weirdness & Mutations

You cannot wear armour.
You are incapable of wielding weapons or throwing items.
Your paws allow you to move quietly. (Stealth)
You have sharp claws.
You have razor-sharp teeth.
You have supernaturally acute eyesight. (SInv)
You are carnivorous and can eat meat at any time.
You cover ground quickly.
You are covered in fur. (AC +1)
You have a slow metabolism.
Your sharp claws are effective at attacking unaware monsters.


Message History

You climb upwards.
Found 25 bolts.
There is a stone staircase leading down here.
Casting: Magic Dart (safe; 10% risk of failure)
Confirm with . or Enter, or press ? or * to list all spells.
Aiming: Magic Dart (safe; 10% risk of failure)
Press: ? - help, Shift-Dir - straight line, f - goblin
Aim: a goblin, wielding a +0 club and wearing a +0 plate armour The magic dart hits the goblin.
The goblin is moderately wounded.
The bat closely misses you. The bat barely misses you.
Casting: Magic Dart (safe; 10% risk of failure)
Confirm with . or Enter, or press ? or * to list all spells.
Aiming: Magic Dart (safe; 10% risk of failure)
Press: ? - help, Shift-Dir - straight line, f/p - goblin
Aim: a goblin, wielding a +0 club and wearing a +0 plate armour (moderately wounded)
The magic dart hits the goblin but does no damage.
The goblin is moderately wounded.
The bat misses you. The goblin hits you with a +0 club.
You die...

##.....#.#. #
#..s.#.#.#. .####.#
........... ..+@.b.#
.##.#.......#..#g#..#
........!.........
...(
..#.#.....#.#.+###.
...#
...#............. ..
..# #.#.#...#.#.#.g$.
.. ..
...#.......g..... ##.
# #.#.#.#.#g#.#....
.# ........g.....K..


You could see a goblin and a bat.

Vanquished Creatures
  2 goblins
  4 hobgoblins
  2 bats (D:1)
  A frilled lizard (D:2)
  2 kobolds (D:1)
  3 rats
14 creatures vanquished.

Notes
Turn   | Place    | Note
-------+----------+-------------------------------------------
     0 | D:1      | dhn the Felid Wizard began the quest for the Orb.
     0 | D:1      | Reached XP level 1. HP: 7/7 MP: 5/5
   311 | D:1      | Reached skill level 1 in Conjurations
   311 | D:1      | Reached XP level 2. HP: 5/11 MP: 1/7
   575 | D:1      | Slain by a goblin

Skill      XL: |  1 |
---------------+----+-----
Conjurations   | 1 |  1.0
Dodging        | |  2.9
Stealth        | |  2.8
Spellcasting   | |  3.4
Summonings     | |  1.0
Translocations | |  1.5

Action                   || total
-------------------------++-------
 Cast: Magic Dart        ||    35
  Use: Scroll            ||     2
Armor: Skin              ||     4
Dodge: Dodged            ||    31
